Fleur, neutral female sylph Wizard ----- #------------ -------- |....# ##|..........| #.......| |.%.| #|{>......%..####|.`..^..# |[...######...........| #+......|# |...| ##|..........| #--------# -.-.- ###-.---------- # ##W#W###@P# ### # # # # ## # ## | ### # # # #####%## ..........| ## # # ### | ##### ### # ----.--################# |....}|# ----------|-.- |...}}.# |............| |....}| |............| |......#### |.....<....... ---...| -------------- |...| ----- Fleur the Magician Experience level: 10 Strength: 15 Dexterity: 13 Constitution: 7 Intelligence: 17 Wisdom: 17 Charisma: 10 Health: 0(70) Energy: 123(133) Def: 1 Gold: 1371 Moves: 11553 Dungeon seed: 22C93qzMC3zasQsa Game ID: Fleur_1476525561 Your Inventory: Coins $ - 1371 gold pieces Weapons t - the rustproof +0 Magicbane (weapon in hand) Armor e - an uncursed +0 cloak of magic resistance (being worn) n - an uncursed +0 pair of gauntlets of power Comestibles h - an uncursed cram ration i - 2 uncursed sprigs of wolfsbane E - 3 uncursed tripe rations P - 6 uncursed food rations Scrolls s - an uncursed scroll of enchant armor u - an uncursed scroll of create monster Potions o - an uncursed potion of paralysis w - a blessed potion of levitation x - a blessed potion of fruit juice C - an uncursed potion of confusion D - an uncursed potion of invisibility F - an uncursed potion of booze Wands v - a wand of make invisible (0:3) Tools c - an uncursed towel l - a cursed magic lamp (lit) p - an uncursed bag of holding q - an uncursed stethoscope z - an uncursed bag of holding Gems r - an uncursed worthless piece of white glass y - an uncursed luckstone N - an uncursed worthless piece of violet glass Spells and supernatural/magical abilities: Name Level Category Fail Memory a - force bolt 1 attack 0% 43% c - cause fear 3 enchantment 0% 43% f - fireball 4 attack 0% 61% j - jumping 1 escape 0% 61% m - magic missile 2 attack 0% 49% n - detect monsters 1 divination 0% 76% E - detect food 2 divination 0% 58% T - turn undead 4 clerical 100% 69% W - pray for help -- divine ? -- Your skills at the end: Miscellaneous Skills wands [Basic] stealth [Skilled] Weapon Skills dagger [Basic] quarterstaff [Basic] Spellcasting Skills attack spells [Skilled] divination spells [Basic] enchantment spells [Basic] Final Attributes: You were fervently aligned. You were poison resistant. You were magic-protected. Your writing hand was thoroughly cramped from overuse. You saw invisible. You were telepathic. You had infravision. You were invisible to others. You were displaced. You were very stealthy. You were protected from shape changers. You were extremely lucky. You had extra luck. Bad luck did not time out for you. Good luck did not time out for you. Thoth was angry with you. You are dead. Vanquished creatures: 2 vampires 2 giant mimics a large mimic 2 wumpuses 4 wargs a winter wolf 2 small mimics an ettin mummy a shocking sphere a tengu a human mummy an ettin zombie a soldier 3 giant beetles a cockatrice 6 wolves a lynx 2 leprechauns a quivering blob a spotted jelly 3 lizards an orc-captain a mumak 3 giant spiders 2 iron piercers a horse 3 gnome kings 4 dwarf mummies 4 brown puddings a Green-elf a rust monster 2 owlbears a dog a dingo 2 dwarf lords a blue jelly 2 water nymphs a dust vortex a raven a plains centaur 3 gnome mummies a snake 2 rope golems 4 soldier ants 3 fire ants 2 yellow lights a bugbear a wood nymph 10 Mordor orcs an orc shaman 2 ponies 3 shriekers a violet fungus 5 gnome lords 2 gnomish wizards a kobold mummy a black naga hatchling a golden naga hatchling 6 elf zombies 2 ghouls 2 straw golems a giant ant a puppy 9 floating eyes a kitten 19 dwarves 4 homunculi a kobold lord a kobold shaman 4 iguanas 9 hill orcs 5 rothes a rabid rat 3 jitterbugs 2 monkeys 3 orc zombies 4 dwarf zombies 2 werejackals 4 killer bees 5 coyotes 3 gas spores 5 hobbits an acid blob a large kobold 9 geckos 7 giant rats 4 cave spiders 3 yellow molds 4 green molds 2 red molds 37 gnomes 11 garter snakes 9 manes 2 gnome zombies 11 jackals 3 foxes 4 kobolds 15 newts 4 goblins 10 sewer rats 3 grid bugs 5 lichens 5 kobold zombies 362 creatures vanquished. Voluntary challenges: You had followed a strict vegan diet until turn 2461. You had followed a strict vegetarian diet until turn 2461. You did not cause conflict. You were not invisible. You did not have reflection. You used a wielded weapon 256 times, starting on turn 43. You did not apply a unicorn horn. You did not use plumbed fixtures. You read items or engraved 64 times, starting on turn 1212. You never genocided any monsters. You never polymorphed an object. You never changed form. You cheated 4 times but completed Sokoban on turn 9932. You used no wishes. You split 1 pudding, starting on turn 11538. You wrote Elbereth's name 14 times, starting on turn 1216. You violated your moral code, losing 6 points of alignment, starting on turn 666. Dungeon overview: The Dungeons of Doom: levels 1 to 12 Level 1 a long staircase Level 2 a potion shop stairs to The Gnomish Mines Level 3 a general store, a fountain Level 4 an armor shop, some fountains Level 5 an altar to Ptah Level 6 many fountains Level 7 a general store stairs to Sokoban Level 8 a general store Level 9 Level 10 some fountains Level 11 a fountain Level 12 <- You were here a fountain The Gnomish Mines: levels 3 to 10 Level 3 stairs to The Dungeons of Doom Level 4 Level 5 many shops, a temple to Thoth, a magic chest, some fountains Level 6 Level 7 Level 8 Level 9 Level 10 a magic chest, some fountains Sokoban: levels 3 to 6 Level 3 a magic chest Level 4 Level 5 Level 6 a magic chest stairs to The Dungeons of Doom History has recorded: On T:1 you entered the Dungeons of Doom to retrieve the Amulet of Yendor! On T:105 you reached level 2 of The Dungeons of Doom. On T:317 you reached level 1 of The Gnomish Mines. On T:325 you advanced to experience level 2. On T:356 you advanced to experience level 3. On T:404 you advanced to experience level 4. On T:471 you reached level 2 of The Gnomish Mines. On T:681 you advanced to experience level 5. On T:683 you prayed to Thoth. On T:982 you reached level 3 of The Gnomish Mines. On T:1028 you entered the Minetown temple On T:1031 you opened a magic chest. On T:1168 you received Magicbane from Thoth. On T:1364 you advanced to experience level 6. On T:1662 you reached level 4 of The Gnomish Mines. On T:1885 you reached level 5 of The Gnomish Mines. On T:2088 you prayed to Thoth. On T:2154 you reached level 6 of The Gnomish Mines. On T:2159 you advanced to experience level 7. On T:2554 you reached level 7 of The Gnomish Mines. On T:2573 you reached level 8 of The Gnomish Mines. On T:2573 you reached the bottom of the Mines. On T:3005 you advanced to experience level 8. On T:3046 you prayed to Thoth. On T:3669 you prayed to Thoth. On T:4354 you advanced to experience level 9. On T:4853 you prayed to Thoth. On T:5177 you reached level 3 of The Dungeons of Doom. On T:5587 you reached level 4 of The Dungeons of Doom. On T:5636 you reached level 5 of The Dungeons of Doom. On T:5642 you prayed to Thoth. On T:6061 you reached level 6 of The Dungeons of Doom. On T:6302 you prayed to Thoth. On T:6710 you reached level 7 of The Dungeons of Doom. On T:6796 you reached level 8 of The Dungeons of Doom. On T:6915 you reached level 4 of Sokoban. On T:6924 you prayed to Thoth. On T:7495 you prayed to Thoth. On T:7961 you reached level 3 of Sokoban. On T:8162 you prayed to Thoth. On T:8213 you reached level 2 of Sokoban. On T:8602 you reached level 1 of Sokoban. On T:9399 you prayed to Thoth. On T:9932 you entered the Sokoban zoo. On T:10057 you prayed to Thoth. On T:10462 you reached level 9 of The Dungeons of Doom. On T:10508 you reached level 10 of The Dungeons of Doom. On T:10671 you prayed to Thoth. On T:10994 you reached level 11 of The Dungeons of Doom. On T:11356 you advanced to experience level 10. On T:11377 you prayed to Thoth. On T:11417 you reached level 12 of The Dungeons of Doom. Score breakdown: Gold: 1371 ( 137 points) Experience: 10 levels ( 900 points) Exploration: 12 levels ( 330 points) Discoveries: 39 items ( 1950 points) Variety of kills: 103 monsters ( 2000 points) Major goal: Sokoban/Mines ( 1500 points) Survival: died (score multiplied by 3) Total score: 20451 Latest messages: You kill the brown pudding! You hear rumbling in the distance. The magic-absorbing blade scares the brown pudding! The brown pudding turns to flee! Something rather strange happens as the brown pudding divides. The blood pudding bites! You kill the brown pudding! The blood pudding bites! The magic missile misses the blood pudding. The blood pudding bites! (2x) The blood pudding bumps right into you! The blood pudding bites! The magic missile misses the blood pudding. The magic missile bounces! The magic missile hits the blood pudding! The magic missile hits you! The missiles bounce off! The blood pudding bites! You die... The bag of holding is empty. (2x) Final status: Goodbye Fleur the Wizard, killed by a blood pudding... You died in The Dungeons of Doom on dungeon level 12 with 20451 points, and 1371 pieces of gold, after 11553 moves. You were level 10 with a maximum of 70 hit points when you died.